 Seeded DCSS version 0.30.1-9-gdf580d7c3d (webtiles) character file.

Game seed: 15660985446129201502 (custom seed)

965 AccursedSamuel the Cleaver (level 8, -2/48 HPs)
             Began as a Tengu Monk on Sept 21, 2023.
             Slain by an ogre
             ... wielding a +0 giant spiked club
              (18 damage)
             ... on level 5 of the Dungeon on Oct 10, 2023.
             The game lasted 00:09:42 (4470 turns).

AccursedSamuel the Cleaver (Tengu Monk)             Turns: 4470, Time: 00:09:43

Health: -2/48      AC: 14    Str: 15    XL:     8   Next: 15%
Magic:  9/9        EV: 10    Int: 10    God:
Gold:   347        SH:  0    Dex: 16    Spells: 7/7 levels left

rFire   . . .        e - +5 broad axe (freeze)
rCold   + . .        d - orb {light}
rNeg    . . .        x - +2 chain mail {rC+}
rPois   .            (helmet restricted)
rElec   .            (no cloak)
rCorr   .            (no gloves)
SInv    .            (boots unavailable)
Will    .....        (no amulet) Stlth
                     p - +4 ring of protection
HPRegen 0.28/turn    (no ring)
MPRegen 0.11/turn

%: no passive effects
@: flying quickly and evasively, glowing, quick
A: beak, talons 3, nimble flight
a: no special abilities


You were on level 5 of the Dungeon.
You visited 1 branch of the dungeon, and saw 5 of its levels.

You collected 347 gold pieces.

Inventory:

Hand Weapons
 e - a +5 broad axe of freezing (weapon)
Armour
 d - an orb of light (worn)
 x - a +2 chain mail of cold resistance (worn)
Jewellery
 p - a +4 ring of protection (left hand)
Wands
 s - a wand of iceblast (1)
Scrolls
 g - 2 scrolls of enchant armour {unknown}
 h - a scroll of noise {unknown}
 j - a scroll of immolation {unknown}
 m - 4 scrolls of identify {unknown}
 o - 6 scrolls of teleportation
 r - a scroll of fog {unknown}
 t - 2 scrolls of blinking {unknown}
 u - a scroll of torment {unknown}
Potions
 a - a potion of haste {unknown}
 c - a potion of ambrosia
 f - a potion of curing {unknown}
 i - a potion of degeneration {unknown}
 k - 2 potions of attraction {unknown}
 l - a potion of heal wounds {unknown}
 n - 2 potions of flight {unknown}
 q - 2 potions of magic {unknown}
 v - a potion of lignification {unknown}
 w - a potion of brilliance {unknown}


   Skills:
 + Level 4.9 Fighting
 + Level 8.6 Axes
 + Level 0.4 Armour
 + Level 5.0 Dodging
 + Level 1.5 Stealth


You had 7 spell levels left.
You didn't know any spells.
Your spell library contained the following spells:

 Spells                   Type           Power      Damage    Failure   Level
 Cigotuvi's Dreadful Rot  Necr/Pois/Air  0%         N/A       100%        2
 Lesser Beckoning         Tloc           0%         N/A       100%        2
 Gell's Gravitas          Tloc           0%         N/A       100%        3
 Ignite Poison            Fire/Tmut/Pois 0%         N/A       100%        3
 Teleport Other           Tloc           0%         N/A       100%        3
 Dispel Undead            Necr           0%         3d6       100%        4
 Sticky Flame             Conj/Fire      0%         2d3       100%        4
 Death Channel            Necr           0%         N/A       100%        6
 Ignition                 Fire           0%         3d3       100%        8


Dungeon Overview and Level Annotations

Branches:
Dungeon (5/15)
 Temple: D:4-7

Altars:
Ru
Wu Jian

Annotations:
D:2 1 runed translucent door, Crazy Yiuf


Innate Abilities, Weirdness & Mutations

You have a beak for a mouth.
You have claws for feet.
Your magical nature lets you fly swiftly and evasively.


Message History

The quasit barely misses you.
The quasit claws you but does no damage.
The quasit completely misses you. The quasit barely misses you.
The quasit claws you but does no damage.
You slash the quasit! You claw the quasit.
You kill the quasit!
m - 4 scrolls labelled TUAKLO XUXO (gained 1)
Found a stone staircase leading up.
There is a stone staircase leading up here.
There is a fountain of blood here.
You now have 347 gold pieces (gained 13).
There is a fountain of blood here.
Found 5 stones.
A scorpion comes into view.
A scorpion is nearby!
A scorpion is nearby!
An ogre comes into view. It is wielding a +0 giant spiked club.
Found a scale mail.
The scorpion stings you but does no damage.
The scorpion barely misses you. The ogre closely misses you.
You slash the scorpion! You freeze the scorpion.
You claw the scorpion, but do no damage.
You peck the scorpion, but do no damage.
The scorpion is severely wounded.
You hit the ogre. You freeze the ogre. The scorpion barely misses you.
The ogre hits you with a +0 giant spiked club!
You slash the scorpion! You freeze the scorpion.
You kill the scorpion!
You hit the ogre. You freeze the ogre.
You feel your dexterity returning.
Your Dodging skill increases to level 5!
The ogre hits you with a +0 giant spiked club!
You completely miss the ogre. You claw the ogre, but do no damage.
You peck the ogre.
The ogre is heavily wounded.
The ogre hits you with a +0 giant spiked club!
You hit the ogre. You freeze the ogre. You peck the ogre.
The ogre is almost dead.
The ogre hits you with a +0 giant spiked club!!
You die...

.............# ...#.........##
#..# .# .##...........# ... ##
..# ......#.......## ..###[. ...#
#....###.......##....... ........
##...###.......#........ ........
#.....#................ ........
#............(.......# ##......
#...#...........@O# ..# .......
#..#####.##......#...#.....#.....
#..# #...#..##......##...##.....
...# #.P.#.####........_........
..## #...### ##....##...##.....
.. ##.## ##....#.....#..... #.#
#.......#.#....... #.#
###.....##.##...... ...
..#................


You could see an ogre.

Vanquished Creatures
  Sigmund (D:4)
  Edmund (D:5)
  2 scorpions
  2 hounds
  3 quasits (D:5)
  3 orc priests
  2 iguanas
  Jessica (D:2)
  A sleepcap (D:5)
  Ijyb (D:4)
  3 adders
  3 shadow imps (D:5)
  A white imp (D:5)
  5 ufetubi
  A worm (D:4)
  4 dart slugs
  10 orcs
  9 endoplasms
  2 giant cockroaches (D:2)
  8 goblins
  9 hobgoblins
  6 kobolds
  6 quokkas
  6 ball pythons
  3 bats
  7 frilled lizards
  8 rats
  A spectral kobold (D:2)
109 creatures vanquished.

Notes
Turn   | Place    | Note
-------+----------+-------------------------------------------
     0 | D:1      | AccursedSamuel the Tengu Monk began the quest for the Orb.
     0 | D:1      | Reached XP level 1. HP: 14/14 MP: 2/2
    93 | D:1      | Reached XP level 2. HP: 18/19 MP: 3/3
    98 | D:1      | Identified a scroll of acquirement
    98 | D:1      | Acquired a +5 broad axe of freezing
   434 | D:1      | Reached XP level 3. HP: 18/23 MP: 4/4
   434 | D:1      | Upgraded the game from 0.30.1-6-gbe392663c4 to
                  | 0.30.1-8-g117510f58f
   906 | D:2      | Upgraded the game from 0.30.1-8-g117510f58f to
                  | 0.30.1-9-gdf580d7c3d
   992 | D:2      | Found a faded altar of an unknown god.
   997 | D:2      | Reached skill level 4 in Axes
  1118 | D:2      | Found a runed translucent door.
  1119 | D:2      | Noticed Crazy Yiuf
  1374 | D:2      | Reached XP level 4. HP: 28/28 MP: 5/5
  1443 | D:2      | Noticed Jessica
  1454 | D:2      | Killed Jessica
  1767 | D:3      | Reached skill level 5 in Axes
  1767 | D:3      | Gained mutation: Your magical nature lets you fly swiftly
                  | and evasively. [Tengu growth]
  1767 | D:3      | Reached XP level 5. HP: 20/32 MP: 6/6
  2557 | D:3      | Found an ornate altar of the Wu Jian Council.
  2625 | D:4      | Reached skill level 6 in Axes
  2625 | D:4      | Reached XP level 6. HP: 33/38 MP: 7/7
  2671 | D:4      | Noticed Sigmund
  2672 | D:4      | Noticed Ijyb
  2683 | D:4      | Killed Ijyb
  2685 | D:4      | Killed Sigmund
  2836 | D:4      | Reached skill level 7 in Axes
  2836 | D:4      | Reached XP level 7. HP: 39/43 MP: 8/8
  2898 | D:4      | Reached skill level 1 in Stealth
  3801 | D:5      | Entered Level 5 of the Dungeon
  3922 | D:5      | Found a sacrificial altar of Ru.
  4066 | D:5      | Noticed Edmund
  4077 | D:5      | Killed Edmund
  4078 | D:5      | Reached skill level 8 in Axes
  4273 | D:5      | Reached XP level 8. HP: 47/48 MP: 9/9
  4468 | D:5      | Reached skill level 5 in Dodging
  4470 | D:5      | Slain by an ogre

Illustrated notes

Levels and vault maps discovered:
D:1:      minmay_arrival_pointy, layout_loops_ring, minmay_gold_behind_fungi
D:2:      layout_basic, dreamdust_ecumenical_altar_drowned_temple,
          hangedman_decor_clover_reticule, fountainhead,
          uniq_crazy_yiuf_cottage, uniq_jessica
D:3:      layout_loops_ring, general_overflow_altar, serial_bayou_pond_d
D:4:      layout_basic, nicolae_eternal_life, uniq_ijyb, uniq_sigmund
D:5:      layout_layer_cave, mainiacjoe_overflow_small_starburst,
          elyvilon_altar_1, serial_demonic, serial_demonic_e, serial_demonic_b,
          serial_demonic_e, serial_demonic_a, serial_demonic_e,
          serial_demonic_e, serial_demonic_g, serial_demonic_a,
          serial_demonic_d, serial_demonic_g, uniq_edmund

Skill      XL: |  1  2  3  4  5  6  7  8 |
---------------+-------------------------+-----
Dodging        | 4 5 |  5.0
Axes           | 4 5 6 7 8 |  8.6
Fighting       | 4 |  4.9
Stealth        | 1 |  1.5
Armour         | |  0.4

Action                     |  1- 3 |  4- 6 |  7- 9 || total
---------------------------+-------+-------+-------++-------
  Melee: Hand axe          |    14 |       |       ||    14
         Kick              |     7 |     8 |    22 ||    37
         Peck              |     4 |     2 |    15 ||    21
         Broad axe         |    42 |    41 |    75 ||   158
    Use: Scroll            |     2 |       |       ||     2
 Armour: Robe              |    12 |    13 |    11 ||    36
         Chain mail        |       |       |    30 ||    30
  Dodge: Dodged            |    48 |    35 |    76 ||   159
